← All builds
Geo / Armada / Economy first / OBSERVED BUILD

Standard geo

Armada Geo build order · Supreme Isthmus

Standard Geo economy into T2 constructor and Starlight/Jaguar units sent to front as usual, with support built for teammates along the way.

Usually blows up the commander for T2 (72%)

#eco #t2 #team support · 1348 distinct matches · 236 players · 55% of Armada Geo games · team won 55% of 1569 · Recently observed

HOW TO PLAY IT

Key timing: T2 constructor by 4:55

  1. Open 2 mex and wind, then Bot Lab by 0:35.
  2. Rush geothermal powerplant to fund T2 ahead of other roles.
  3. Get T2 constructor out to start building T2 units.
  4. Add Vehicle Plant and Advanced Geothermal for the T2 push.
  5. Fly first Starlight to front with a transport from Air.

Phase by phase

TYPICAL OF ITS 1348 GAMES
  1. 1
  2. 2
  3. 3
  4. 4
PLAY THE OPENING

Follow the example game's first 6:00 step by step: what to build now, what comes next, and where it goes. At 1× it keeps pace with your own game.

  1. 1

    Up to the Bot Lab

    Economy
    • Metal Extractor3Mex
    • Wind Turbine4Wind
    Order
    1. Bot LabBot Lab after 3 mex, 4 winddone ~1:12, middle half 0:58–1:21

    By 0:55 in all: 3 mex · 4 wind

    The example game in this phase · 4 steps
    1. Mex ×3
    2. Solar
    3. Wind ×2
    4. Bot LabBot Labdone 1:16 · typical 1:12
  2. 2

    Bot Lab to 5:00

    Economy
    • Metal Extractor2Mex
    • Wind Turbine3Wind
    • Energy Converter8Converter
    • Energy Storage1Energy storage
    Order
    1. Geothermal PowerplantGeo after 4 mex, 5 wind, 1 energy storage
    2. Bot LabEat Bot Lab
    Builders
    • Construction Turret5 Con turret
    • Lazarus4 Lazarus
    • Construction Bot2 Con bot
    • Construction Bot1 Con bot for allies
    • Lazarus1 Lazarus for allies

    By 5:00 in all: 4 mex · 7 wind · 1 geo · 8 converter · 1 energy storage · 5 con turret

    The example game in this phase · 27 steps
    1. Wind
    2. LazarusLazarus
    3. Wind ×3
    4. Construction BotCon botfor Beach sea
    5. LazarusLazarus ×2
    6. Energy storage
    7. LazarusLazarus
    8. Mex
    9. Energy storage
    10. Construction BotCon bot
    11. LazarusLazarusfor Beach sea
    12. Geothermal PowerplantGeodone 3:43 · typical 3:29
    13. Construction BotCon bot
    14. Con turret
    15. Converter
    16. Con turret
    17. Converter ×2
    18. Wind
    19. PawnPawn
    20. Construction VehicleCon vehicle
    21. PawnPawnfor Suicide front
    22. PawnPawn
    23. Wind
    24. PawnPawnfor Suicide front
    25. Wind ×2
    26. Converter
    27. Wind
  3. 3

    5:00 to Vehicle Plant

    Order
    1. Advanced Geothermal PowerplantAdvanced Geothermal Powerplant after 8 wind, 10 converter, 6 con turretin 57% of games
    2. Vehicle PlantVehicle Plant after 9 wind, 10 converter, 6 con turretdone ~7:06, middle half 6:39–7:32

    Some games also: con turret (49%) · converter (49%) · wind (40%)

    By 6:56 in all: 4 mex · 9 wind · 1 geo · 1 Advanced Geothermal Powerplant · 10 converter · 1 energy storage

    The example game in this phase · 1 step
    1. Vehicle PlantVehicle Plantdone 4:27 · typical 7:06
  4. 4

    Vehicle Plant to 10:00

    Economy
    • Wind Turbine5Wind
    • Energy Converter4Converter
    Order
    1. Advanced Vehicle PlantAdvanced Vehicle Plant after 10 wind, 11 converter, 6 con turret
    2. Vehicle PlantEat Vehicle Plant
    Builders
    • Construction Vehicle1 Con vehicle
    • Advanced Construction Vehicle1 T2 con vehicle for allies
    Army
    • Starlight2 Starlight
    • Umbra1 Jammer
    • Prophet1 Radar vehicle

    Some games also: con turret (48%) · Jaguar (36%)

    By 10:00 in all: 4 mex · 18 wind · 1 geo · 1 Advanced Geothermal Powerplant · 16 converter · 1 energy storage

    The example game in this phase · 65 steps
    1. Wind ×4
    2. Converter
    3. Wind
    4. Bot LabBot Labfor Suicide frontdone 5:23
    5. Advanced Vehicle PlantAdvanced Vehicle Plantdone 6:54 · typical 8:02
    6. Converter
    7. Wind
    8. BeaverBeaver
    9. Construction VehicleCon vehicle
    10. Wind ×3
    11. Converter
    12. Wind
    13. Converter
    14. Wind
    15. Converter ×3
    16. Bot LabEat Bot Labreclaimed for its metal
    17. Converter ×2
    18. Vehicle PlantEat Vehicle Plantreclaimed for its metal
    19. Advanced Construction VehicleT2 con vehicle
    20. Converter ×3
    21. Advanced Metal ExtractorT2 mexdone 7:48 · typical 5:38
    22. Converter
    23. Advanced Metal ExtractorT2 mex
    24. ConsulConsul
    25. Converter
    26. Advanced Metal ExtractorT2 mex
    27. ConsulConsul
    28. Converter ×2
    29. Advanced Metal ExtractorT2 mex
    30. Converter
    31. Advanced Geothermal PowerplantAdvanced Geothermal Powerplantdone 9:44 · typical 7:11
    32. Converter ×2
    33. MauserMauser ×2
    34. Converter
    35. MauserMauser
    36. Converter
    37. MauserMauser
    38. MauserMauserfor Front
    39. Converter
    40. StarlightStarlightdone 10:28 · typical 9:04
    41. Converter
    42. AmbassadorAmbassadorfor Frontdone 10:42
    43. Converter
    44. StarlightStarlightfor Front
    45. Converter
    46. AmbassadorAmbassadorfor Front
    47. Converter
    48. ProphetRadar vehiclefor Front
    49. UmbraJammer
    50. Converter ×2
    51. Con turret ×2
    52. Converter
    53. Con turret ×2
    54. Converter ×2
    55. ShredderShredder ×2for Frontdone 12:53
    56. Converter
    57. Fusion ReactorFusiondone 13:42
    58. Converter ×2
    59. Fusion ReactorFusion
    60. Converter
    61. Advanced Construction VehicleT2 con vehiclefor Front
    62. Converter
    63. Advanced Construction VehicleT2 con vehiclefor Suicide front
    64. Converter ×2
    65. Con turret ×2

Counts are medians over the build's games: half of them build more, half fewer. The example game is Oxdog's (32 OS, 21/09/2026); pick another.

Team trades

IN AT LEAST 30% OF ITS GAMES

You hand over

  • Lazarus1 Lazarus to Beach seafirst at 2:17 · in 75% of games
  • Construction Bot1 Con bot to Beach seafirst at 2:27 · in 86% of games
  • Advanced Construction Vehicle1 T2 con vehicle to Suicide front or Frontfirst at 8:48 · in 63% of games

You get

  • Advanced Construction Bot1 T2 con bot from Techfirst at 4:53 · in 94% of games

How it plays out

Typical game of this build, running totals by minute

Metal produced

020k40k
0:005:0010:0015:00

metal

Enemy metal destroyed

05k10k15k
0:005:0010:0015:00

metal

Own metal lost

02k4k6k
0:005:0010:0015:00

metal

1569 games.

Show as table
ByMetal produced: This buildEnemy metal destroyed: This buildOwn metal lost: This build
1:0033300
2:0086000
3:00152700
4:00267100
5:00369400
6:00563700
7:00801700
8:001133700
9:00144064284
10:0017270471200
11:00201161745520
12:002298836181600
13:002573359092956
14:002858682574419
15:0031355102235570
WHAT THE NUMBERS SAY

Standard Geo play wins about half its games while destroying the most enemy metal by 15:00 among the roles shown here.

  • + Enemy metal destroyed jumps to 10560 by 15:00, highest of all six builds.
  • + Starlight makes up 34% of army, delivering the long-range T2 push.
  • − Own metal lost reaches 5977 by 15:00 from the aggressive T2 push.
  • − First Starlight only arrives in 60% of games, a late or inconsistent push.
THE EXAMPLE YOU ARE READING

Oxdog

31.8 OS · 21/09/2026

Open source match ↗

0 received units
289 metal received · 135188 energy received

Allied construction assistance is unknown. Timings are observations, not a promise of solo reproducibility.

Typical milestones

Bot Lab1:12Middle 50%: 0:58–1:21 · n=1568
Geothermal Powerplant3:29Middle 50%: 3:13–3:47 · n=1560
Advanced Metal Extractor5:38Middle 50%: 5:21–6:01 · n=1560
Vehicle Plant7:06Middle 50%: 6:39–7:32 · n=1516
Advanced Geothermal Powerplant7:11Middle 50%: 6:51–7:42 · n=1139
Advanced Vehicle Plant8:02Middle 50%: 7:40–8:33 · n=1451
Starlight9:04Middle 50%: 8:32–9:47 · n=1309

Played most by

0neTw0120games of this buildzeus_on_god119games of this buildXad53games of this buildTheGeneraI46games of this buildViltrum41games of this build